NYPL
ABERDEEN IRONBIRDS @ JAMESTOWN FALCONS
06/17/1982
 
TOP OF THE 1ST
Aberdeen Ironbirds batting - Pitching for Jamestown Falcons : RHP Francisco Oliveras
Pitching: RHP Francisco Oliveras
Batting: RHB Johnnie Walker 0-0: Called Strike
0-1: Ground out 5-3 (Groundball, 56, EV 90.0 MPH)
Batting: RHB Arturo Leija 0-0: Ball
1-0: Fly out, F9 (Line Drive, 9D, EV 103.1 MPH)
Batting: SHB Nelson Simmons 0-0: Ball
1-0: Foul Ball, location: 2F
1-1: Called Strike
1-2: Foul Ball, location: 2F
1-2: Ball
2-2: Foul Ball, location: 2F
2-2: Strikes out swinging
Top of the 1st over - 0 runs, 0 hits, 0 errors, 0 left on base; Aberdeen 0 - Jamestown 0
BOTTOM OF THE 1ST
Jamestown Falcons batting - Pitching for Aberdeen Ironbirds : RHP Jose Mesa
Pitching: RHP Jose Mesa
Batting: RHB Nelson Rood 0-0: Ball
1-0: SINGLE (Flyball, 3D, EV 95.0 MPH)
Batting: RHB Dave Myers 0-0: Ball
1-0: Called Strike
1-1: Ball
2-1: Ball
3-1: Fielders Choice at 2nd, 5-4 (Groundball, 56, EV 89.4 MPH)
Batting: LHB Warren Bachmann 0-0: Ball
1-0: Swinging Strike
1-1: Foul Ball, location: 2F
1-2: Foul Ball, location: 2F
1-2: Foul Ball, location: 2F
1-2: Foul Ball, location: 2F
1-2: Ball
2-2: Foul Ball, location: 2F
2-2: Ball
3-2: SINGLE (Groundball, 3D, EV 100.6 MPH)
Dave Myers to second
Dave Myers to third
Batting: LHB Jack Howell 0-0: Ball
1-0: Foul Ball, location: 2F
1-1: Ball
2-1: Swinging Strike
2-2: Fly out, F9 (Flyball, 89XD, EV 98.8 MPH)
Runner from 3rd tags up, SCORES, no throw by RF
Batting: RHB Glen Stacheit 0-0: Ball
1-0: Ball
2-0: DOUBLE (Flyball, 8RXD, EV 94.4 MPH)
Warren Bachmann to third
Runner from 3rd tries for Home, SAFE, throw by CF to home
Batting: RHB Ronald Arnold 0-0: Called Strike
0-1: Ball
1-1: Ball
2-1: Foul Ball, location: 2F
2-2: Foul Ball, location: 2F
2-2: Foul Ball, location: 2F
2-2: Ball
3-2: Ground out 5-3 (Groundball, 56, EV 85.6 MPH)
Bottom of the 1st over - 2 runs, 3 hits, 0 errors, 1 left on base; Aberdeen 0 - Jamestown 2
TOP OF THE 2ND
Aberdeen Ironbirds batting - Pitching for Jamestown Falcons : RHP Francisco Oliveras
Batting: RHB Donald Hubbard 0-0: Called Strike
0-1: Ball
1-1: Fly out, F8 (Flyball, 8RM, EV 93.1 MPH)
Batting: RHB Victor Trujillo 0-0: Ball
1-0: Ground out 4-3 (Groundball, 4, EV 106.3 MPH)
Batting: RHB Mark Bonner 0-0: Ball
1-0: Ground out 6-3 (Groundball, 6, EV 83.1 MPH)
Top of the 2nd over - 0 runs, 0 hits, 0 errors, 0 left on base; Aberdeen 0 - Jamestown 2
BOTTOM OF THE 2ND
Jamestown Falcons batting - Pitching for Aberdeen Ironbirds : RHP Jose Mesa
Batting: LHB Darren Riley 0-0: Ball
1-0: Foul Ball, location: 2F
1-1: DOUBLE (Line Drive, 78D, EV 103.1 MPH)
Batting: RHB Herman Cunningham 0-0: Called Strike
0-1: Ground out 4-3 (Groundball, 4S, EV 64.4 MPH)
Darren Riley to third
Batting: RHB Joe Oliver 0-0: Called Strike
0-1: Called Strike
0-2: Strikes out looking
Batting: RHB Nelson Rood 0-0: Called Strike
0-1: Ball
1-1: Swinging Strike
1-2: Ball
2-2: Strikes out swinging
Bottom of the 2nd over - 0 runs, 1 hit, 0 errors, 1 left on base; Aberdeen 0 - Jamestown 2
TOP OF THE 3RD
Aberdeen Ironbirds batting - Pitching for Jamestown Falcons : RHP Francisco Oliveras
Batting: RHB Graham Conklin 0-0: Foul Ball, location: 2F
0-1: Foul Ball, location: 2F
0-2: Ball
1-2: Ball
2-2: Foul Ball, location: 2F
2-2: Foul Ball, location: 2F
2-2: Fly out, F5 (Popup, 15, EV 83.1 MPH)
Batting: RHB Dan Cataline 0-0: Ball
1-0: Swinging Strike
1-1: Ball
2-1: Foul Ball, location: 2F
2-2: Ground out 6-3 (Groundball, 56, EV 104.4 MPH)
Batting: RHB Ric Wilson 0-0: Called Strike
0-1: Ground out 2-3 (Groundball, 15S, EV 73.8 MPH)
Top of the 3rd over - 0 runs, 0 hits, 0 errors, 0 left on base; Aberdeen 0 - Jamestown 2
BOTTOM OF THE 3RD
Jamestown Falcons batting - Pitching for Aberdeen Ironbirds : RHP Jose Mesa
Batting: RHB Dave Myers 0-0: Ball
1-0: Fly out, F7 (Line Drive, 7, EV 94.4 MPH)
Batting: LHB Warren Bachmann 0-0: Ball
1-0: Ball
2-0: Ball
3-0: Called Strike
3-1: Base on Balls
Batting: LHB Jack Howell 0-0: Ball
1-0: Called Strike
1-1: Ball
2-1: Fielders Choice at 2nd, 4-6 (Groundball, 4, EV 81.9 MPH)
Batting: RHB Glen Stacheit 0-0: Swinging Strike
0-1: Ball
1-1: Ball
2-1: Ball
3-1: Reached on error, E6 (Groundball, P, EV 85.0 MPH)
Jack Howell to third
Batting: RHB Ronald Arnold 0-0: Ball
1-0: Foul Ball, location: 2F
1-1: Foul Ball, location: 2F
1-2: Ball
2-2: Ball
3-2: Foul Ball, location: 2F
3-2: Foul Ball, location: 2F
3-2: Foul Ball, location: 2F
3-2: Strikes out looking
Bottom of the 3rd over - 0 runs, 0 hits, 1 error, 2 left on base; Aberdeen 0 - Jamestown 2
TOP OF THE 4TH
Aberdeen Ironbirds batting - Pitching for Jamestown Falcons : RHP Francisco Oliveras
Batting: RHB Johnnie Walker 0-0: DOUBLE (Line Drive, 89D, EV 112.5 MPH)
Batting: RHB Arturo Leija 0-0: Ball
1-0: Hit by Pitch
Batting: SHB Nelson Simmons 0-0: Ball
1-0: Ball
2-0: Ball
3-0: Base on Balls
Johnnie Walker to third
Arturo Leija to second
Batting: RHB Donald Hubbard 0-0: Ball
1-0: Ball
2-0: Called Strike
2-1: Swinging Strike
2-2: Ball
3-2: Strikes out looking
Batting: RHB Victor Trujillo 0-0: Foul Ball, location: 2F
0-1: Ball
Wild Pitch!
Johnnie Walker scores
Arturo Leija to third
Nelson Simmons to second
1-1: Ball
2-1: Ball
3-1: Base on Balls
Batting: RHB Mark Bonner 0-0: Called Strike
0-1: Called Strike
0-2: Grounds into double play, 6-4-3 (Groundball, 6, EV 86.3 MPH)
Top of the 4th over - 1 run, 1 hit, 0 errors, 2 left on base; Aberdeen 1 - Jamestown 2
BOTTOM OF THE 4TH
Jamestown Falcons batting - Pitching for Aberdeen Ironbirds : RHP Jose Mesa
Batting: LHB Darren Riley 0-0: Called Strike
0-1: Ball
1-1: Foul Ball, location: 2F
1-2: Strikes out looking
Batting: RHB Herman Cunningham 0-0: Ball
1-0: Swinging Strike
1-1: Ball
2-1: Ball
3-1: Base on Balls
Batting: RHB Joe Oliver 0-0: Called Strike
0-1: Called Strike
0-2: 2-RUN HOME RUN (Flyball, 9D, EV 96.9 MPH), Distance : 370 ft
Batting: RHB Nelson Rood 0-0: Foul Ball, location: 2F
0-1: Foul Ball, location: 2F
0-2: DOUBLE (Line Drive, 7LM, EV 104.4 MPH)
Batting: RHB Dave Myers 0-0: Ball
1-0: Called Strike
1-1: Foul Ball, location: 2F
1-2: Foul Ball, location: 2F
1-2: Ball
2-2: Foul Ball, location: 2F
2-2: Strikes out swinging
Batting: LHB Warren Bachmann 0-0: Called Strike
0-1: Foul Ball, location: 2F
0-2: Ball
1-2: Fly out, F9 (Line Drive, 9D, EV 104.4 MPH)
Bottom of the 4th over - 2 runs, 2 hits, 0 errors, 1 left on base; Aberdeen 1 - Jamestown 4
TOP OF THE 5TH
Aberdeen Ironbirds batting - Pitching for Jamestown Falcons : RHP Francisco Oliveras
Batting: RHB Graham Conklin 0-0: Called Strike
0-1: Called Strike
0-2: Ball
1-2: Foul Ball, location: 2F
1-2: Foul Ball, location: 2F
1-2: Ball
2-2: Foul Ball, location: 2F
2-2: DOUBLE (Line Drive, 7LM, EV 107.5 MPH)
Batting: RHB Dan Cataline 0-0: Ball
1-0: Foul Ball, location: 2F
1-1: Called Strike
1-2: Foul Ball, location: 2F
1-2: Foul Ball, location: 2F
1-2: Ball
2-2: SINGLE (Groundball, 5S, EV 60.6 MPH) (infield hit)
Graham Conklin to third
Batting: RHB Ric Wilson 0-0: Fly out, F7 (Line Drive, 7, EV 92.5 MPH)
Runner from 3rd tags up, SCORES, throw by LF
Batting: RHB Johnnie Walker 0-0: Ball
1-0: Grounds into double play, 6-4-3 (Groundball, 6S, EV 82.5 MPH)
Top of the 5th over - 1 run, 2 hits, 0 errors, 0 left on base; Aberdeen 2 - Jamestown 4
BOTTOM OF THE 5TH
Jamestown Falcons batting - Pitching for Aberdeen Ironbirds : RHP Jose Mesa
Batting: LHB Jack Howell 0-0: Ball
1-0: Called Strike
1-1: Ball
2-1: Called Strike
2-2: Foul Ball, location: 2F
2-2: Foul Ball, location: 2F
2-2: SINGLE (Line Drive, 4D, EV 100.0 MPH)
Batting: RHB Glen Stacheit 0-0: Ball
1-0: Foul Ball, location: 2F
1-1: Fly out, F9 (Flyball, 89M, EV 78.8 MPH)
Batting: RHB Ronald Arnold 0-0: Called Strike
0-1: Foul Ball, location: 2F
0-2: Fly out, F9 (Line Drive, 9D, EV 93.8 MPH)
Batting: LHB Darren Riley 0-0: Called Strike
Jack Howell steals 2nd base
0-1: Ball
1-1: Ball
2-1: Called Strike
2-2: TRIPLE (Flyball, 89XD, EV 92.5 MPH)
Jack Howell scores
Batting: RHB Herman Cunningham 0-0: Ball
1-0: SINGLE (Line Drive, 6MD, EV 98.1 MPH)
Darren Riley scores
Pitching: RHP Kernan Ronan
Batting: RHB Joe Oliver 0-0: Foul Ball, location: 2F
0-1: Foul Ball, location: 2F
0-2: Fielders Choice at 2nd, 6-4 (Groundball, 6, EV 86.3 MPH)
Bottom of the 5th over - 2 runs, 3 hits, 0 errors, 1 left on base; Aberdeen 2 - Jamestown 6
TOP OF THE 6TH
Aberdeen Ironbirds batting - Pitching for Jamestown Falcons : RHP Francisco Oliveras
Batting: RHB Arturo Leija 0-0: Called Strike
0-1: Ground out 5-3 (Groundball, 56, EV 103.1 MPH)
Batting: SHB Nelson Simmons 0-0: Ball
1-0: SINGLE (Line Drive, 6M, EV 100.0 MPH)
Batting: RHB Donald Hubbard 0-0: Ball
Nelson Simmons steals 2nd, throwing error, E2
Nelson Simmons to third
1-0: Foul Ball, location: 2F
1-1: Ball
2-1: Fly out, F9 (Flyball, 9S, EV 79.4 MPH)
Batting: RHB Victor Trujillo 0-0: Fly out, F8 (Flyball, 89D, EV 85.6 MPH)
Top of the 6th over - 0 runs, 1 hit, 1 error, 1 left on base; Aberdeen 2 - Jamestown 6
BOTTOM OF THE 6TH
Jamestown Falcons batting - Pitching for Aberdeen Ironbirds : RHP Kernan Ronan
Batting: RHB Nelson Rood 0-0: Ball
1-0: Ball
2-0: Ball
3-0: Base on Balls
Batting: RHB Dave Myers 0-0: Sac Bunt to 13 - play at first, batter OUT! 1-3
Nelson Rood to second
Batting: LHB Warren Bachmann 0-0: Ball
1-0: Ball
2-0: 2-RUN HOME RUN (Flyball, 89XD, EV 102.5 MPH), Distance : 396 ft
Batting: LHB Jack Howell 0-0: Foul Ball, location: 2F
0-1: Ball
1-1: SOLO HOME RUN (Flyball, 9D, EV 113.1 MPH), Distance : 372 ft
Batting: RHB Glen Stacheit 0-0: Fly out, F9 (Flyball, 9LS, EV 85.0 MPH)
Batting: RHB Ronald Arnold 0-0: Ground out U3 (Groundball, 34S, EV 68.8 MPH)
Bottom of the 6th over - 3 runs, 2 hits, 0 errors, 0 left on base; Aberdeen 2 - Jamestown 9
TOP OF THE 7TH
Aberdeen Ironbirds batting - Pitching for Jamestown Falcons : RHP Francisco Oliveras
Batting: RHB Mark Bonner 0-0: Ball
1-0: Called Strike
1-1: Ground out U3 (Groundball, 3, EV 87.5 MPH)
Batting: RHB Graham Conklin 0-0: Called Strike
0-1: Ball
1-1: Swinging Strike
1-2: Strikes out swinging
Batting: RHB Dan Cataline 0-0: Fly out, F4 (Popup, 4, EV 55.6 MPH)
Top of the 7th over - 0 runs, 0 hits, 0 errors, 0 left on base; Aberdeen 2 - Jamestown 9
BOTTOM OF THE 7TH
Jamestown Falcons batting - Pitching for Aberdeen Ironbirds : RHP Kernan Ronan
Batting: LHB Darren Riley 0-0: Ball
1-0: Ball
2-0: Ball
3-0: Base on Balls
Pinch Hitting: LHB William Nash 0-0: Called Strike
0-1: Ball
1-1: Ground out 3-1 (Groundball, 23, EV 84.4 MPH)
Darren Riley to second
Batting: RHB Joe Oliver 0-0: Foul Ball, location: 2F
0-1: Ball
1-1: Reached via error on a dropped throw from 1B, E1 (Groundball, 34, EV 100.0 MPH)
Darren Riley to third
Pinch Hitting: RHB David Hibner 0-0: Ball
1-0: Ground out 5-3 (Groundball, 56S, EV 68.1 MPH)
Darren Riley scores
Joe Oliver to second
Pinch Hitting: SHB Kevin Johnson 0-0: Called Strike
0-1: DOUBLE (Line Drive, 7LS, EV 105.0 MPH)
Joe Oliver scores
Pinch Hitting: RHB David Wilson 0-0: Ball
1-0: Ball
2-0: Ground out 5-3 (Groundball, 56S, EV 68.8 MPH)
Bottom of the 7th over - 2 runs, 1 hit, 1 error, 1 left on base; Aberdeen 2 - Jamestown 11
TOP OF THE 8TH
Aberdeen Ironbirds batting - Pitching for Jamestown Falcons : RHP Francisco Oliveras
Now at 1B: Wayne Pizer
Now at 2B: Kevin Johnson
Now at SS: David Hibner
Now in CF: William Nash
Batting: RHB Ric Wilson 0-0: Ball
1-0: Reached on error, E6 (Groundball, 6, EV 81.3 MPH)
Pitching: LHP Cliff Young
Batting: RHB Johnnie Walker 0-0: Foul Ball, location: 2F
0-1: Foul Ball, location: 2F
0-2: Ball
1-2: Fly out, F8 (Flyball, 8RM, EV 71.3 MPH)
Batting: RHB Arturo Leija 0-0: Fly out, F6 (Flyball, 6D, EV 82.5 MPH)
Batting: SHB Nelson Simmons 0-0: Called Strike
0-1: Ball
1-1: Ball
2-1: Foul Ball, location: 2F
2-2: Ball
3-2: Foul Ball, location: 2F
3-2: Strikes out swinging
Top of the 8th over - 0 runs, 0 hits, 1 error, 1 left on base; Aberdeen 2 - Jamestown 11
BOTTOM OF THE 8TH
Jamestown Falcons batting - Pitching for Aberdeen Ironbirds : RHP Kernan Ronan
Pinch Hitting: RHB Nelson Harvey 0-0: Ball
1-0: Foul Ball, location: 2F
1-1: Foul Ball, location: 2F
1-2: Strikes out swinging, 2-3 out at first.
Pinch Hitting: LHB Paul Moore 0-0: Ball
1-0: Ball
2-0: Ground out 4-3 (Groundball, 4D, EV 100.0 MPH)
Batting: RHB Ronald Arnold 0-0: Foul Ball, location: 2F
0-1: Ball
1-1: Ball
2-1: Fly out, F8 (Line Drive, 8LD, EV 87.5 MPH)
Bottom of the 8th over - 0 runs, 0 hits, 0 errors, 0 left on base; Aberdeen 2 - Jamestown 11
TOP OF THE 9TH
Aberdeen Ironbirds batting - Pitching for Jamestown Falcons : LHP Cliff Young
Now at 1B: Roberto Gutierrez
Now at 3B: Nelson Harvey
Batting: RHB Donald Hubbard 0-0: Ball
1-0: SINGLE (Groundball, 4MD, EV 105.0 MPH)
Batting: RHB Victor Trujillo 0-0: Ball
1-0: Fly out, F3 (Popup, 34S, EV 73.1 MPH)
Batting: RHB Mark Bonner 0-0: Ball
1-0: Fly out, F7 (Flyball, 78S, EV 90.0 MPH)
Batting: RHB Graham Conklin 0-0: Called Strike
0-1: Fielders Choice at 2nd, 6-4 (Groundball, 6, EV 103.1 MPH)
Top of the 9th over - 0 runs, 1 hit, 0 errors, 1 left on base; Aberdeen 2 - Jamestown 11
Friday, August 7th, 2020 - OOTP Baseball 21.5 Build 76